 Dungeon Crawl Stone Soup version 0.16.1-51-g6203257 (webtiles) character file.

2 hannobal the Changer (level 1, -2/14 HPs)
             Began as an Octopode Wanderer on July 5, 2015.
             Slain by a giant mite (3 damage)
             ... on level 1 of the Dungeon.
             The game lasted 00:01:03 (94 turns).

hannobal the Changer (Octopode Wanderer)              Turns: 94, Time: 00:01:03

Health: -2/14      AC:  1    Str: 16    XL:     1   Next: 30%
Magic:  0/3        EV: 11    Int: 14    God:
Gold:   11         SH:  0    Dex:  9    Spells: 1 memorised, 3 levels left

rFire  . . .     SeeInvis .     c - +0 shortbow
rCold  . . .     Clarity  .     (no shield)
rNeg   . . .     SustAb   .     (helmet restricted)
rPois  .         Gourm    .     (no amulet)
rElec  .         Spirit   .     d - +3 ring of strength
rCorr  .         Warding  .     (no ring)
rMut   .         Stasis   .     (no ring)
MR     .....                    (no ring)
Stlth  +++.......               (no ring)
                                (no ring)
                                (no ring)
                                (no ring)

@: lethally poisoned (-2 -> -5), very slightly contaminated, not resistant to
hostile enchantments, fairly stealthy
A: almost no armour, amphibious, 8 rings, constrict 8, camouflage 1, gelatinous
body 1
a: no special abilities


You were on level 1 of the Dungeon.
You were not hungry.

You visited 1 branch of the dungeon, and saw 1 of its levels.

You collected 11 gold pieces.

Inventory:

Hand weapons
 c - a +0 shortbow (weapon)
 h - a +0 hunting sling
Missiles
 e - 20 arrows (quivered)
 g - 22 sling bullets
 i - 3 stones
Jewellery
 d - a +3 ring of strength (left tentacle)
Books
 a - a book of Frost

   Spells                             Type                      Level
   a - Freeze                         Ice                          1
   b - Throw Frost                    Conjuration/Ice              2
   c - Ozocubu's Armour               Charms/Ice                   3
   d - Throw Icicle                   Conjuration/Ice              4
   e - Summon Ice Beast               Ice/Summoning                4
   f - Condensation Shield            Ice                          4
 b - Iskenderun's Catalogue of Confrontation

   Spells                             Type                      Level
   a - Magic Dart                     Conjuration                  1
   b - Mephitic Cloud                 Conjuration/Poison/Air       3
Comestibles
 f - a bread ration


   Skills:
 - Level 2.0 Fighting
 - Level 1.0 Bows
 - Level 1.3 Stealth
   Level 1.0 Shields
 - Level 2.0 Spellcasting
   Level 2.0 Transmutations
 + Level 1.3 Ice Magic


You had 3 spell levels left.
You knew the following spells:

 Your Spells              Type           Power        Failure   Level  Hunger
a - Freeze                Ice            #...         17%         1    ##.....


Dungeon Overview and Level Annotations

Branches:
Dungeon (1/15)

Altars:


Innate Abilities, Weirdness & Mutations

You cannot wear most types of armour.
You are amphibious.
You can wear up to eight rings at the same time.
You can use your tentacles to constrict many enemies at once.
Your skin changes colour to match your surroundings (Stealth).
Your rubbery body absorbs attacks (AC +1).


Message History

You shoot an arrow.
The arrow hits the giant mite but does no damage.
The giant mite is severely wounded.
The giant mite barely misses you. The rat barely misses you.
The giant mite barely misses you.
Firing (i - inventory. (,) - cycle):
e - 22 arrows (quivered)
Press: ? - help, Shift-Dir - straight line, f/p - giant mite
Aim: a giant mite (severely wounded)
You shoot an arrow. The arrow barely misses the giant mite.
* * * LOW HITPOINT WARNING * * *
You feel sick. The rat bites you.
* * * LOW HITPOINT WARNING * * *
The giant mite barely misses you.
Firing (i - inventory. (,) - cycle):
e - 21 arrows (quivered)
Press: ? - help, Shift-Dir - straight line, f/p - giant mite
Aim: a giant mite (severely wounded)
You shoot an arrow.
The arrow closely misses the giant mite.
The rat misses you. The giant mite bites you.
You die...

.(. .......
........ #........
##..).....#
#....>.....
#..(.......
#rs......# ###@.#
#....# #####....##
#.........+
#....###### #....#
#....# #....######
#.........#########


You could see a giant mite and a rat.

Vanquished Creatures
  A giant newt (D:1)
  A kobold (D:1)
  A rat (D:1)
3 creatures vanquished.

Notes
Turn   | Place    | Note
--------------------------------------------------------------
     0 | D:1      | hannobal, the Octopode Wanderer, began the quest for the Orb.
     0 | D:1      | hannobal set off with: a book of Frost, Iskenderun's Catalogue of Confrontation, a +0 shortbow, 24 arrows, a bread ration
     0 | D:1      | Reached XP level 1. HP: 14/14 MP: 3/3
     0 | D:1      | Identified Iskenderun's Catalogue of Confrontation
     2 | D:1      | Learned a level 1 spell: Freeze
    94 | D:1      | Slain by a giant mite

Action                   || total
-------------------------++-------
 Fire: Shortbow          ||     5
 Cast: Freeze            ||     5
